 Dungeon Sprint DCSS version 0.22.1-2-g9c5b331 (webtiles) character file.

185 diana the Carver (level 5, -4/47 HPs)
             Began as a Merfolk Gladiator on Dec 21, 2018.
             Slain by a neqoxec (10 damage)
             ... summoned by a kobold demonologist
             ... in the Dungeon (Sprint III: "The Ten Rune Challenge").
             The game lasted 00:02:05 (270 turns).

diana the Carver (Merfolk Gladiator)                 Turns: 270, Time: 00:02:06

Health: -4/47      AC:  3    Str: 15      XL:     5   Next: 64%
Magic:  5/5        EV: 16    Int:  5 (8)  God:
Gold:   22         SH:  0    Dex: 13      Spells: 4/4 levels left

rFire    . . .     SeeInvis .   a - +0 long sword
rCold    + . .     Gourm    .   (no shield)
rNeg     . . .     Faith    .   b - +0 leather armour
rPois    .         Spirit   .   (helmet restricted)
rElec    .         Reflect  .   (no cloak)
rCorr    .         Harm     .   (no gloves)
MR       .....     Rnd*Rage +   (no boots) Stlth +.........NoTele +
                                (no amulet)
HPRegen  0.15/turn              (no ring)
MPRegen  0.09/turn              (no ring)

@: no status effects
A: change form in water, swift swim, stealthy swim, horns 1, berserk 1, blink,
clumsy 1, cold resistance 1
a: Blink


You were in the Dungeon.
You were not hungry.

You visited 1 branch You collected 22 gold pieces.

Inventory:

Hand Weapons
 a - a +0 long sword (weapon)
Missiles
 d - 3 throwing nets (quivered)
Armour
 b - a +0 leather armour (worn)
 c - a +0 helmet
Scrolls
 k - a scroll of blinking
 m - a scroll of immolation
 o - 3 scrolls of remove curse
 q - a scroll of holy word {unknown}
Potions
 e - 2 potions of curing
 g - a potion of heal wounds
 h - a potion of haste
 i - 2 potions of magic
 j - a potion of berserk rage
 p - a potion of lignification
 r - a potion of degeneration {unknown}
 s - 2 potions of flight
Comestibles
 f - 3 rations


   Skills:
 + Level 6.4 Fighting
 * Level 9.2 Long Blades
 - Level 2.0 Throwing
 + Level 8.3 Dodging


You had 4 spell levels left.
You didn't know any spells.
Your spell library was empty.

Dungeon Overview and Level Annotations

Branches:
Dungeon (1/1)

Altars:
Kikubaaqudgha
Sif Muna
Vehumet


Innate Abilities, Weirdness & Mutations

You revert to your normal form in water.
You are very nimble and swift while swimming.
You are very stealthy in the water. (Stealth+)
You have a pair of small horns on your head.
You tend to lose your temper in combat.
You can translocate small distances at will.
You are clumsy. (Dex -2)
Your flesh is cold resistant. (rC+)


Message History

You feel dopey. Something feeds on your intellect!
The iron imp barely misses you.
The kobold demonologist closely misses you.
You closely miss the kobold demonologist.
You headbutt the kobold demonologist, but do no damage.
The quasit disappears in a puff of smoke!
The red devil hops backward while attacking.
The red devil hits you from afar with a trident!
* * * LOW HITPOINT WARNING * * *
The kobold demonologist casts a cantrip, but nothing happens.
You slash the kobold demonologist!
The kobold demonologist is severely wounded.
The kobold demonologist hits you but does no damage.
The red devil hits you from afar with a trident!
* * * LOW HITPOINT WARNING * * *
Unknown command.
You hit the kobold demonologist but do no damage.
The kobold demonologist is severely wounded.
The neqoxec hits you!
You die...

#..#....♣.♣ ♣♣.#
####....♣♣♣ ♣..#
†..#....≈.♣ ♣..###+#+###
...#...≈≈.♣♣♣♣.#........
..(#..≈≈≈≈.♣...'.⌠......
##'#..≈≈≈≈≈≈...#...####
[..#.≈†≈≈≈≈....#.⌠4#
...#.≈≈≈≈≈.....#)..#
...#.≈≈≈.......#@###
####...........#K35#
...............#55_#
▓▓▓▓▓▓▓▓▓▓▓▓▓▓▓▓▓▓▓▓


You could see a kobold demonologist, a neqoxec, a red devil, an iron imp, a
crimson imp and a shadow imp.

Vanquished Creatures
  A water elemental (D)
  A scorpion (D)
  A wizard (D)
  Jessica (D)
  A human (D)
  An ooze (D)
  A rat (D)
7 creatures vanquished.

Vanquished Creatures (others)
  2 draconian scorchers (D)
  A yaktaur (D)
  6 hellions (D)
9 creatures vanquished.

Grand Total: 16 creatures vanquished

Notes
Turn   | Place    | Note
-------+----------+-------------------------------------------
     0 | D        | diana the Merfolk Gladiator began the quest for the Orb.
     0 | D        | Reached XP level 1. HP: 16/16 MP: 1/1
     5 | D        | Reached skill level 4 in Long Blades
    10 | D        | Noticed Jessica
    12 | D        | Killed Jessica
    12 | D        | Reached skill level 5 in Long Blades
    12 | D        | Reached skill level 5 in Dodging
    12 | D        | Reached XP level 2. HP: 25/25 MP: 2/2
    12 | D        | Reached XP level 3. HP: 30/30 MP: 3/3
    27 | D        | Noticed a scorpion
    44 | D        | Killed a scorpion
    44 | D        | Reached skill level 7 in Long Blades
    44 | D        | Reached XP level 4. HP: 33/38 MP: 4/4
    55 | D        | Killed a yaktaur
    66 | D        | Reached skill level 5 in Fighting
    96 | D        | Gained mutation: You tend to lose your temper in combat.
                  | [potion of mutation]
    96 | D        | Gained mutation: You have a pair of small antennae on your
                  | head. [potion of mutation]
    96 | D        | Gained mutation: You can translocate small distances at
                  | will. [potion of mutation]
    96 | D        | Gained mutation: Your muscles are strong. (Str +2) [potion
                  | of mutation]
    97 | D        | Lost mutation: Your muscles are strong. (Str +2) [potion of
                  | mutation]
    97 | D        | Lost mutation: You have a pair of small antennae on your
                  | head. [potion of mutation]
    97 | D        | Gained mutation: You have a pair of small horns on your
                  | head. [potion of mutation]
    97 | D        | Gained mutation: You are clumsy. (Dex -2) [potion of
                  | mutation]
    97 | D        | Gained mutation: Your flesh is cold resistant. (rC+)
                  | [potion of mutation]
   114 | D        | Noticed a water elemental
   114 | D        | Killed a hellion
   116 | D        | Killed a hellion
   116 | D        | Killed a hellion
   117 | D        | Killed a hellion
   118 | D        | Killed a water elemental
   118 | D        | Reached skill level 8 in Long Blades
   118 | D        | Reached XP level 5. HP: 40/46 MP: 5/5
   147 | D        | Killed a white draconian scorcher
   176 | D        | Killed a hellion
   188 | D        | Killed a white draconian scorcher
   210 | D        | Killed a hellion
   256 | D        | Found a radiant altar of Vehumet.
   256 | D        | Found a deep blue altar of Sif Muna.
   256 | D        | Found an ancient bone altar of Kikubaaqudgha.
   259 | D        | Noticed a neqoxec
   266 | D        | Noticed a red devil
   267 | D        | Reached skill level 9 in Long Blades
   270 | D        | Slain by a neqoxec

Skill      XL: |  1  2  3  4  5 |
---------------+----------------+-----
Long Blades    | 5 7 8 9 |  9.2
Fighting       | 3 4 6 |  6.4
Dodging        | 5 6 7 8 |  8.3
Throwing       | |  2.0

Action                   |  1- 3 |  4- 6 || total
-------------------------+-------+-------++-------
Melee: Long sword        |     8 |    39 ||    47
       Tailslap          |     2 |     5 ||     7
       Headbutt          |       |     3 ||     3
  Use: Scroll            |       |     3 ||     3
       Potion            |       |     2 ||     2
Dodge: Dodged            |     9 |    23 ||    32
       Rpst.: Long sword |     1 |     7 ||     8
